 Dungeon Crawl Stone Soup version 0.20.1-1-g8b1a95d (webtiles) character file.

41 Monsterracer the Insei (level 3, -1/25 HPs)
             Began as a Vampire Transmuter on Sept 12, 2017.
             Slain by a goblin (4 damage)
             ... on level 2 of the Dungeon.
             The game lasted 00:03:15 (2620 turns).

Monsterracer the Insei (Vampire Transmuter)         Turns: 2620, Time: 00:03:16

Health: -1/25      AC:  2    Str:  9    XL:     3   Next: 32%
Magic:  6/6        EV: 12    Int: 16    God:
Gold:   59         SH:  0    Dex: 14    Spells: 3/6 levels left

rFire    . . .     SeeInvis +     - Unarmed
rCold    . . .     Gourm    .   (no shield)
rNeg     + . .     Faith    .   b - +0 robe
rPois    .         Spirit   .   (no helmet)
rElec    .         Reflect  .   (no cloak)
rCorr    .         Harm     .   (no gloves)
MR       .....                  (no boots)
Stlth    +.........             (no amulet)
Regen    0.1/turn               (no ring)
MPRegen  0.1/turn               (no ring)

@: lethally poisoned (-1 -> -2)
A: fangs 3, see invisible, unbreathing
a: Bat Form


You were on level 2 of the Dungeon.
You were not thirsty.

You visited 1 branch of the dungeon, and saw 2 of its levels.

You collected 59 gold pieces.

Inventory:

Missiles
 a - 12 arrows
Armour
 b - a +0 robe (worn)
Scrolls
 g - 4 scrolls of identify {unknown}
 i - a scroll of teleportation {unknown}
 j - a scroll of fear {unknown}
Potions
 d - 12 potions of blood
 e - a potion of heal wounds {unknown}
 f - 2 potions of curing {unknown}
 h - 2 potions of ambrosia {unknown}
Books
 c - a book of Changes

   Spells                             Type                      Level
   a - Beastly Appendage              Transmutation                1
   b - Sticks to Snakes               Transmutation                2
   c - Spider Form                    Transmutation/Poison         3
   d - Ice Form                       Ice/Transmutation            4
   e - Blade Hands                    Transmutation                5
 k - a book of Misfortune

   Spells                             Type                      Level
   a - Confusing Touch                Hexes                        1
   b - Confuse                        Hexes                        3
   c - Gell's Gravitas                Translocation                3
   d - Petrify                        Transmutation/Earth          4
   e - Metabolic Englaciation         Hexes/Ice                    5
   f - Yara's Violent Unravelling     Hexes/Transmutation          5


   Skills:
 - Level 0.8 Fighting
 - Level 2.1 Dodging
 * Level 4.1 Unarmed Combat
 - Level 2.0 Spellcasting
 * Level 3.3 Transmutations


You had 3 spell levels left.
You knew the following spells:

 Your Spells              Type           Power        Failure   Level  Hunger
a - Beastly Appendage     Tmut           ##....       5%          1    #......
b - Sticks to Snakes      Tmut           ##......     8%          2    ###....


Dungeon Overview and Level Annotations

Branches:
Dungeon (2/15)

Altars:


Innate Abilities, Weirdness & Mutations

You have razor-sharp teeth.
You have supernaturally acute eyesight. (SInv)
You can survive without breathing.


Message History

A goblin comes into view.
You see here an adder corpse.
You bottle the corpse's blood.
You feel sick.
The goblin shouts!
You see here a potion of blood.
Damage: -4%(-1hp) hp: 16%(4hp)
d - 12 potions of blood (gained 1)
You feel sick.
Huge Dmg: -4%(-1hp) hp: 12%(3hp)
You hit the goblin but do no damage. The goblin closely misses you.
You closely miss the goblin. You bite the goblin.
The goblin is moderately wounded.
The goblin closely misses you.
You hit the goblin but do no damage.
The goblin is moderately wounded.
The goblin closely misses you.
You closely miss the goblin. You bite the goblin.
The goblin is almost dead.
You feel sick. The goblin hits you.
You die...

#.......#...#..... ..
#.......#.....#...
...#...........#.#...
...#.......#.........
...#....[..##........
#.........#.........
##.........##.#####..
...........#...#<#
##.........#...#@#
...............g.#
......####.#.#####
......# #.#...
..[...# #.#####
...S..# #.# .S....#
#.# ......# #.#
......# #.#


You could see a goblin.

Vanquished Creatures
  An adder (D:2)
  4 bats (D:1)
  2 goblins
  4 hobgoblins (D:1)
  4 jackals (D:1)
  A ball python (D:1)
  3 frilled lizards (D:1)
  7 kobolds
  4 rats (D:1)
30 creatures vanquished.

Notes
Turn   | Place    | Note
-------+----------+-------------------------------------------
     0 | D:1      | Monsterracer the Vampire Transmuter began the quest for the Orb.
     0 | D:1      | Reached XP level 1. HP: 14/14 MP: 3/3
   145 | D:1      | Reached XP level 2. HP: 19/20 MP: 5/5
   171 | D:1      | Learned a level 2 spell: Sticks to Snakes
   335 | D:1      | HP: 10/20 [hobgoblin (4)]
   535 | D:1      | HP: 10/20 [jackal (2)]
   541 | D:1      | HP: 10/20 [jackal (1)]
   547 | D:1      | HP: 6/20 [jackal (2)]
   895 | D:2      | Reached skill level 4 in Unarmed Combat
   968 | D:1      | Reached XP level 3. HP: 16/25 MP: 6/6
  2603 | D:2      | HP: 12/25 [adder (4)]
  2608 | D:2      | HP: 5/25 [poisoned by an adder]
  2616 | D:2      | HP: 3/25 [poisoned by an adder]
  2620 | D:2      | Slain by a goblin

Skill      XL: |  1  2 |
---------------+-------+-----
Transmutations | 3 |  3.3
Unarmed Combat | 4 |  4.1
Fighting       | |  0.8
Dodging        | |  2.1
Spellcasting   | |  2.0

Action                   || total
-------------------------++-------
Melee: Unarmed           ||   111
       Bite              ||     8
       Punch             ||     2
       Headbutt          ||     1
       Kick              ||     3
 Cast: Beastly Appendage ||     9
  Use: Potion            ||     7
Armor: Robe              ||    14
Dodge: Dodged            ||    79
